 Dungeon Crawl Stone Soup version 0.28.0-53-g5a82cb258f (webtiles) character file.

Game seed: 9871263496592473553

34 LustLizard the Sneak (level 3, -1/17 HPs)
             Began as a Spriggan Enchanter on June 26, 2022.
             Slain by Crazy Yiuf
             ... wielding a +4 quarterstaff of chaos
              (13 damage)
             ... on level 2 of the Dungeon.
             The game lasted 00:05:09 (2156 turns).

LustLizard the Sneak (Spriggan Enchanter)           Turns: 2156, Time: 00:05:09

Health: -1/17      AC:  2    Str:  6    XL:     3   Next: 14%
Magic:  6/8        EV: 17    Int: 16    God:
Gold:   58         SH:  0    Dex: 15    Spells: 7/7 levels left

rFire   . . .      SeeInvis +   a - +1 dagger
rCold   . . .      Faith    .   (no shield)
rNeg    . . .      Spirit   .   b - +0 robe
rPois   .          Reflect  .   (helmet restricted)
rElec   .          Harm     .   (no cloak)
rCorr   .          Rampage  .   (gloves unavailable)
Will    .....                   (boots unavailable)
Stlth   +++.......              (no amulet)
HPRegen 0.05/turn               (no ring)
MPRegen 0.11/turn               (no ring)

@: very quick
A: very small, no large weapons, unfitting armour, see invisible, speed 3
a: no special abilities


You were on level 2 of the Dungeon.
You visited 1 branch of the dungeon, and saw 2 of its levels.

You collected 58 gold pieces.

Inventory:

Hand Weapons
 a - a +1 dagger (weapon)
Missiles
 e - 3 poisoned darts
 f - 73 stones (quivered)
Armour
 b - a +0 robe (worn)
Scrolls
 g - a scroll of enchant weapon {unknown}
 i - a scroll of immolation {unknown}
Potions
 c - a potion of invisibility
 d - a potion of heal wounds {unknown}
 h - a potion of mutation {unknown}


   Skills:
 + Level 0.3 Fighting
 + Level 1.3 Short Blades
 * Level 0.7 Throwing
 + Level 3.0 Dodging
 * Level 5.0 Stealth
 + Level 2.9 Spellcasting
 * Level 4.1 Hexes


You had 7 spell levels left.
You didn't know any spells.
Your spell library contained the following spells:

 Spells                   Type           Power      Damage    Failure   Level
 Confusing Touch          Hex            15%        N/A       11%         3
 Tukima's Dance           Hex            15%        N/A       11%         3
 Ensorcelled Hibernation  Hex/Ice        16%        N/A       12%         2
 Dazzling Flash           Conj/Hex       16%        N/A       24%         3


Dungeon Overview and Level Annotations

Branches:
Dungeon (2/15)

Altars:
Wu Jian

Annotations:
D:2 Crazy Yiuf


Innate Abilities, Weirdness & Mutations

You are very small and have problems with some larger weapons.
You are too small for most types of armour.
You have supernaturally acute eyesight. (SInv)
You cover ground extremely quickly. (Speed+++)


Message History

A hobgoblin comes into view.
You throw a stone. The hobgoblin shouts!
The stone hits the hobgoblin but does no damage.
You throw a stone. The stone barely misses the hobgoblin.
You throw a stone. The stone barely misses the hobgoblin.
You throw a stone. The stone closely misses the hobgoblin.
You hit the hobgoblin.
The hobgoblin is moderately wounded.
The hobgoblin closely misses you.
You hit the hobgoblin.
The hobgoblin is severely wounded.
The hobgoblin closely misses you.
You hit the hobgoblin.
You kill the hobgoblin!
No target in view!
h - a fizzy clear potion
f - 70 stones (gained 1)
f - 73 stones (gained 3)
i - a scroll labelled UVYMANWUMOS
Found a mace.
Found a runed translucent door.
You open the door.
There is an open translucent door here.
The helpless Crazy Yiuf fails to defend himself.
You impale Crazy Yiuf!!
Crazy Yiuf is almost dead.
Crazy Yiuf misses you.
You hit Crazy Yiuf but do no damage.
Crazy Yiuf is almost dead.
Crazy Yiuf screams, "Tonal wrapper arm!"
Crazy Yiuf hits you with a +4 quarterstaff of chaos.
You feel your power leaking away.
You barely miss Crazy Yiuf.
Crazy Yiuf is almost dead.
Crazy Yiuf barely misses you.
You barely miss Crazy Yiuf.
Crazy Yiuf is almost dead.
Crazy Yiuf hits you with a +4 quarterstaff of chaos!
Ouch! That really hurt!
You die...

#### #.. #.# #.####
.....##♣♣♣♣♣
#.###....♣.♣♣♣#####
#.........♣..♣#...#
#.#......♣♣♣♣.'.@g#
..##....♣♣ ♣♣#..)#
#######♣♣ #####


You could see Crazy Yiuf.

Vanquished Creatures
  2 dart slugs (D:1)
  A ball python (D:1)
  3 endoplasms (D:1)
  3 giant cockroaches (D:1)
  3 hobgoblins
  3 jackals (D:1)
  2 quokkas (D:1)
  A bat (D:1)
  2 frilled lizards (D:1)
  A goblin (D:1)
  3 kobolds
  4 rats (D:1)
28 creatures vanquished.

Vanquished Creatures (others)
  5 fungi (D:1)
  7 plants (D:1)
12 creatures vanquished.

Grand Total: 40 creatures vanquished

Notes
Turn   | Place    | Note
-------+----------+-------------------------------------------
     0 | D:1      | LustLizard the Spriggan Enchanter began the quest for the
                  | Orb.
     0 | D:1      | Reached XP level 1. HP: 9/9 MP: 5/5
   676 | D:1      | Reached XP level 2. HP: 7/13 MP: 6/6
  1504 | D:1      | Reached skill level 5 in Stealth
  1530 | D:1      | Found a faded altar of an unknown god.
  1924 | D:1      | Reached XP level 3. HP: 14/16 MP: 8/8
  2088 | D:2      | Found an ornate altar of the Wu Jian Council.
  2145 | D:2      | Found a runed translucent door.
  2146 | D:2      | Noticed Crazy Yiuf
  2156 | D:2      | Slain by Crazy Yiuf

Illustrated notes

Levels and vault maps discovered:
D:1:      wheals_arrival_linesprint, layout_basic,
          shapermc_ecumenical_altar_mp_urbaneastern, st_stairs_8,
          palyth_stone_intersect, minmay_worlds_worst_comb
D:2:      layout_loops_ring, basic_altar, minmay_tree_intersection,
          minmay_diced_spiral, uniq_crazy_yiuf_cottage, uniq_robin

Skill      XL: |  1  2 |
---------------+-------+-----
Hexes          | 4 |  4.1
Stealth        | 5 |  5.0
Dodging        | 3 |  3.0
Fighting       | |  0.3
Short Blades   | |  1.3
Throwing       | |  0.7
Spellcasting   | |  2.9

Action                   || total
-------------------------++-------
Melee: Dagger            ||   123
       Punch             ||     2
Throw: Stone             ||    32
       Dart              ||     1
 Stab: Sleeping          ||     7
Armor: Robe              ||     6
Dodge: Dodged            ||    99
